Map: Echo LE

Players

avilo

  • Race: Terran Terran
  • Spawn Location: 5:00

qxc - Winner!

  • Race: Terran Terran
  • Spawn Location: 11:00

Event: LycanGTV LotV Beta Tournament 1

VOD

Have the link to the VOD?

Description

Time

  • Played on: April 2, 2015, 1:18 p.m.
  • Length: 9:20

All games in this series

Show
View Real Time Build Order
Export as new Build Order

avilo Terran 

Build Orders: 1/1/1, Mech, Siege Tank Drop 

Get SALT Encoding   

  12  0:01  SCV  
  13  0:13  SCV  
  14  0:18  Supply Depot  
  14  0:25  SCV  
  15  0:29  Refinery  
  15  0:39  SCV  
  16  0:45  Barracks  
  16  0:51  SCV  
  17  0:57  Refinery  
  17  1:03  SCV  
  18  1:15  SCV  
  19  1:32  Factory, Orbital Command  
  19  1:35  Marine  
  20  1:46  Supply Depot  
  20  1:58  SCV  
  21  2:03  Bunker  
  21  2:07  Barracks Tech Lab  
  21  2:10  SCV  
  22  2:20  Starport  
  22  2:22  SCV  
  23  2:31  Siege Tank  
  23  2:34  SCV  
  27  2:46  SCV  
  27  2:49  Marine  
  27  2:50  Supply Depot  
  29  2:56  Medivac  
  31  3:10  Supply Depot  
  31  3:11  SCV, Siege Tank  
  35  3:23  SCV, Missile Turret  
  36  3:28  Starport Tech Lab  
  36  3:38  SCV  
  37  3:46  Command Center  
  37  3:50  Banshee  
  40  3:57  SCV  
  41  4:11  SCV, Cloaking Field  
  41  4:12  Siege Tank  
  41  4:16  Supply Depot  
  45  4:32  SCV  
  45  4:35  Barracks Reactor  
  45  4:37  Banshee  
  49  4:42  Supply Depot  
  49  4:56  SCV  
  49  4:57  Siege Tank  
  49  4:59  Missile Turret  
  53  5:14  Command Center  
  53  5:15  SCV  
  51  5:27  SCV  
  50  5:31  Factory  
  50  5:40  Factory, Orbital Command  
  50  5:42  Refinery  
  50  5:46  Missile Turret  
  50  5:53  SCV  
  50  5:56  Missile Turret  
  46  6:09  SCV  
  46  6:10  SCV  
  48  6:14  Viking  
  48  6:16  Viking  
  49  6:21  SCV  
  49  6:30  SCV  
  49  6:32  Orbital Command  
  50  6:33  Factory Reactor  
  50  6:38  Siege Tank, Refinery  
  53  6:40  SCV  
  53  6:46  Viking x2  
  58  6:56  Orbital Command  
  58  6:58  SCV x2  
  60  7:08  Supply Depot, Factory  
  60  7:10  SCV x2, Missile Turret  
  60  7:13  Supply Depot  
  62  7:16  Armory  
  62  7:21  Hellion x2  
  62  7:22  SCV x2  
  67  7:23  SCV  
  69  7:32  Supply Depot  
  69  7:34  SCV  
  70  7:40  Viking  
  74  7:44  SCV x2, Missile Turret  
  74  7:45  Factory  
  74  7:47  SCV  
  74  7:49  Engineering Bay  
  75  7:52  Missile Turret  
  76  7:58  SCV x2  
  76  8:04  Hellion x2  
  76  8:05  Factory Tech Lab  
  81  8:08  SCV  
  81  8:10  SCV  
  80  8:14  Viking  
  80  8:15  Medivac  
  80  8:19  Sensor Tower  
  84  8:27  SCV x2, Sensor Tower  
  84  8:28  Missile Turret  
  84  8:29  SCV  
  84  8:30  Missile Turret  
  84  8:32  Factory Tech Lab  
  87  8:35  Refinery  
  87  8:38  Refinery  
  87  8:41  Siege Tank, Missile Turret  
  90  8:49  Barracks  
  90  8:50  SCV x3  
  96  9:02  SCV  
Show
View Real Time Build Order
Export as new Build Order

qxc Terran - Winner!

Build Orders: Command Center First (CC), Bio Tank 

Get SALT Encoding   

  12  0:00  SCV  
  13  0:13  Supply Depot  
  13  0:17  SCV  
  14  0:30  SCV  
  15  0:42  SCV  
  16  0:54  SCV  
  17  1:01  Command Center  
  17  1:06  SCV  
  18  1:14  Barracks  
  18  1:18  SCV  
  19  1:22  Refinery  
  19  1:30  SCV  
  20  1:40  Supply Depot  
  20  1:42  SCV  
  21  1:51  Refinery  
  21  2:01  Orbital Command  
  21  2:02  Marine  
  22  2:14  Orbital Command  
  22  2:18  Bunker  
  22  2:29  Factory  
  22  2:33  Barracks Reactor  
  22  2:38  SCV  
  22  2:43  SCV  
  24  2:50  SCV  
  25  2:55  SCV  
  26  3:02  SCV  
  27  3:08  SCV  
  27  3:09  Marine  
  27  3:10  Marine  
  30  3:14  Factory Tech Lab, SCV  
  30  3:17  Starport  
  31  3:20  SCV, Refinery  
  31  3:25  Supply Depot  
  31  3:26  SCV  
  33  3:27  Marine x2  
  33  3:32  SCV, Siege Tank  
  39  3:38  SCV  
  40  3:42  Supply Depot  
  40  3:44  SCV  
  40  3:45  Marine x2  
  43  3:50  SCV  
  43  3:54  Viking  
  46  3:57  SCV  
  47  4:03  SCV, Marine x2  
  48  4:10  Siege Tank  
  48  4:12  SCV  
  48  4:16  SCV  
  53  4:19  Supply Depot  
  53  4:21  Marine x2  
  55  4:26  Viking  
  55  4:30  SCV  
  58  4:32  SCV  
  58  4:38  Marine  
  58  4:42  SCV  
  58  4:43  Siege Tank  
  63  4:46  SCV, Missile Turret  
  63  4:51  Missile Turret x2  
  64  4:53  Marine  
  64  4:54  SCV  
  66  5:00  Medivac  
  66  5:01  SCV  
  66  5:06  SCV  
  70  5:16  SCV  
  69  5:22  SCV  
  70  5:32  Supply Depot  
  70  5:33  Supply Depot  
  70  5:34  SCV x2, Siege Tank  
  75  5:43  Barracks x2, Medivac  
  75  5:46  SCV  
  78  5:53  Marine x2  
  78  5:54  SCV  
  81  6:06  Siege Tank  
  83  6:18  Marine x2  
  83  6:19  SCV  
  83  6:25  Starport Reactor  
  85  6:26  SCV  
  85  6:30  Barracks  
  85  6:31  SCV, Barracks  
  85  6:32  Command Center, Barracks Tech Lab, Engineering Bay  
  87  6:38  SCV, Siege Tank  
  90  6:41  Supply Depot  
  90  6:43  SCV  
  90  6:46  Refinery  
  91  6:47  Supply Depot  
  91  6:48  Supply Depot  
  91  6:51  Supply Depot  
  90  6:56  Marine x2  
  90  6:57  Marauder  
  90  6:59  Stimpack  
  90  7:00  Terran Infantry Weapons Level 1  
  92  7:01  Barracks Tech Lab  
  92  7:03  Supply Depot  
  92  7:04  Supply Depot, Viking  
  94  7:10  Viking  
  94  7:15  Siege Tank  
  99  7:16  Marine x2  
  99  7:20  Combat Shields, Marauder  
  99  7:22  Barracks Tech Lab  
  103  7:23  Barracks Reactor  
  103  7:31  Marauder  
  103  7:34  Marine x2  
  105  7:42  Marauder  
  107  7:45  Marauder  
  107  7:47  Siege Tank  
  112  7:52  Marine x3  
  112  7:53  Viking  
  117  8:01  Viking  
  117  8:03  Marauder  
  121  8:06  Marine  
  121  8:07  SCV x2  
  121  8:10  Marine x3  
  121  8:11  Marine x2  
  129  8:19  SCV x2  
  131  8:24  Siege Tank, Marauder x2  
  138  8:27  Marine  
  138  8:28  Marine x2  
  138  8:29  Marine  
  138  8:31  SCV x2, Orbital Command  
  138  8:33  Missile Turret  
  144  8:42  Marine  
  144  8:43  SCV x2  
  144  8:45  Marauder, Marine, Medivac  
  144  8:46  Marauder x2  
  156  8:54  Supply Depot  
  156  8:55  Supply Depot, SCV  

Tags
 
Add a new tag
Caveats
  • Supply blocks, unpowered buildings, or Contaminate may cause inaccurate times.
  • Supply counts are checked every 10 seconds.